 Dungeon Crawl Stone Soup version 0.27.1-33-g824d729ab1 (webtiles) character file.

Game seed: 10134780700650384403

27 SilverMM the Chopper (level 2, 0/27 HPs)
             Began as a Minotaur Berserker on Nov 27, 2021.
             Was a Follower of Trog.
             Slain by an endoplasm (2 damage)
             ... on level 2 of the Dungeon.
             The game lasted 00:02:12 (561 turns).

SilverMM the Chopper (Minotaur Berserker)            Turns: 561, Time: 00:02:13

Health: 0/27       AC:  2    Str: 21    XL:     2   Next: 93%
Magic:  1/1        EV: 12    Int:  4    God:    Trog [*.....]
Gold:   46         SH:  0    Dex:  9    Spells: 1/1 levels left

rFire    x . .     SeeInvis .   a - +0 hand axe
rCold    + . .     Faith    .   (no shield)
rNeg     . . .     Spirit   .   b - +0 animal skin
rPois    .         Reflect  .   (helmet restricted)
rElec    .         Harm     .   (no cloak)
rCorr    .         Rampage  .   (no gloves)
Will     .....                  (no boots)
Stlth    +.........             (no amulet)
HPRegen  0.09/turn              e - ring of ice
MPRegen  0.07/turn              (no ring)

@: no status effects
A: horns 2, retaliatory headbutt
a: Renounce Religion, Berserk


You were on level 2 of the Dungeon.
You worshipped Trog.
Trog was aware of your devotion.
You visited 1 branch of the dungeon, and saw 2 of its levels.

You collected 46 gold pieces.

Inventory:

Hand Weapons
 a - a +0 hand axe (weapon)
 d - a +0 hand axe
Missiles
 c - 17 arrows
Armour
 b - a +0 animal skin (worn)
Jewellery
 e - a ring of ice (left hand)


   Skills:
 + Level 4.2 Fighting
 + Level 4.2 Axes
 + Level 2.7 Armour
 + Level 2.4 Dodging


You had one spell level left.
You didn't know any spells.
Your spell library was empty.

Dungeon Overview and Level Annotations

Branches:
Dungeon (2/15)

Altars:

Annotations:
D:2 Robin


Innate Abilities, Weirdness & Mutations

You have a pair of horns on your head.
You reflexively headbutt those who attack you in melee.


Message History

The goblin barely misses you.
You barely miss the goblin. You headbutt the goblin.
You kill the goblin!
Trog accepts your kill.
The goblin shouts!
You hear a shout!
The hobgoblin barely misses you. You furiously retaliate!
You headbutt the hobgoblin!
You kill the hobgoblin!
Trog accepts your kill.
A goblin comes into view. It is wielding a +0 dagger.
The endoplasm jiggles.
The endoplasm hits you.
You see here a +0 club.
You closely miss the goblin. Your headbutt misses the goblin.
You hit the endoplasm. The endoplasm freezes you.
You are frozen.
You resist. The goblin hits you with a +0 club.
You closely miss the hobgoblin. You barely miss the endoplasm.
You closely miss the goblin. You hit the goblin.
The goblin hits you with a +0 club. The endoplasm freezes you.
You are frozen.
You resist. The goblin hits you with a +0 club. The hobgoblin hits you.
You barely miss the hobgoblin. You headbutt the hobgoblin.
You kill the hobgoblin!
Trog accepts your kill.
You hit the endoplasm. You hit the goblin but do no damage. You hit the goblin.
An endoplasm comes into view.
The goblin hits you with a +0 club.
* * * LOW HITPOINT WARNING * * *
The endoplasm hits you.
* * * LOW HITPOINT WARNING * * *
The goblin hits you with a +0 club.
* * * LOW HITPOINT WARNING * * *
You hit the hobgoblin.
The hobgoblin is almost dead.
You barely miss the goblin. You closely miss the goblin.
You hit the endoplasm but do no damage. The goblin misses you.
The hobgoblin closely misses you. The endoplasm hits you.
You die...

... ###### #...... .....#
#...... ## .....# #.....
..###
.<...########..######.#..#
........................##
..........................
##.##...........gJ........
##..........###.@gg)...#
####....†##..##.g##)###...
.....###.<...##.gg..###
###### ##..#.##.##.g..#
...# ###.....##......g..
...# ...........#....gg.
...# ........#.......Jg.
...#........###.......:..
.#########... ..........


You could see 2 endoplasms, 2 hobgoblins and 4 goblins.

Vanquished Creatures
  3 ball pythons
  3 endoplasms
  A giant cockroach (D:1)
  5 goblins
  3 hobgoblins
  2 jackals (D:1)
  A kobold (D:1)
  2 bats (D:1)
  2 frilled lizards
22 creatures vanquished.

Notes
Turn   | Place    | Note
-------+----------+-------------------------------------------
     0 | D:1      | SilverMM the Minotaur Berserker began the quest for the
                  | Orb.
     0 | D:1      | Reached XP level 1. HP: 19/19 MP: 0/0
   237 | D:1      | Reached XP level 2. HP: 27/27 MP: 1/1
   549 | D:2      | Noticed Robin
   561 | D:2      | Slain by an endoplasm

Illustrated notes

Levels and vault maps discovered:
D:1:      roderic_dead_forest, layout_basic, minmay_pentomino_r4
D:2:      layout_rooms, serial_shops, shop,
          hellmonk_ecumenical_altar_leap_of_faith, uniq_robin

Skill      XL: |  1  2 |
---------------+-------+-----
Axes           | 4 |  4.2
Fighting       | 4 |  4.2
Armour         | |  2.7
Dodging        | |  2.4

Action                   || total
-------------------------++-------
Melee: Hand axe          ||    41
       Headbutt          ||     6
Armor: Animal skin       ||    10
Dodge: Dodged            ||    28
